3A
HIGHWOOD HAWKS @ ALAMEDA AIRMEN
05/26/2020
 
TOP OF THE 1ST
Highwood Hawks batting - Pitching for Alameda Airmen : LHP Finn Wuilink
Pitching: LHP Finn Wuilink
Batting: LHB José Tamayo 0-0: Foul Ball, location: 2F
0-1: Called Strike
0-2: Fly out, F6 (Popup, 56D)
Batting: RHB Gerardo Castillo 0-0: Fly out, F8 (Popup, 6MD)
Batting: RHB Armando García 0-0: Ball
1-0: Called Strike
1-1: Foul Ball, location: 2F
1-2: Fly out, F6 (Popup, 56D)
Top of the 1st over - 0 run(s), 0 hit(s), 0 error(s), 0 left on base; Highwood 0 - Alameda 0
BOTTOM OF THE 1ST
Alameda Airmen batting - Pitching for Highwood Hawks : RHP Roelof van den Hoek
Pitching: RHP Roelof van den Hoek
Batting: RHB José Cervantes 0-0: Ball
1-0: Ball
2-0: Ball
3-0: Called Strike
3-1: Base on Balls
Batting: RHB António Delgado 0-0: Ball
1-0: Foul Ball, location: 2F
1-1: Ground out 5-3 (Groundball, 6)
José Cervantes to second
Batting: RHB Edgar García 0-0: Ball
1-0: Called Strike
1-1: Called Strike
1-2: Strikes out looking
Batting: SHB Thomas Sherman 0-0: Ball
1-0: Fly out, F6 (Popup, 6MD)
Bottom of the 1st over - 0 run(s), 0 hit(s), 0 error(s), 1 left on base; Highwood 0 - Alameda 0
TOP OF THE 2ND
Highwood Hawks batting - Pitching for Alameda Airmen : LHP Finn Wuilink
Batting: RHB Juan Otero 0-0: Called Strike
0-1: Foul Ball, location: 2F
0-2: Ground out 5-3 (Groundball, 56S)
Batting: RHB Gerald Sims 0-0: Ball
1-0: Ground out 4-3 (Groundball, 4M)
Batting: RHB Jim Unknown 0-0: Ball
1-0: Called Strike
1-1: Ball
2-1: SINGLE (Groundball, 56D)
Batting: SHB Jim Unknown 0-0: Ground out 1-3 (Groundball, 13)
Top of the 2nd over - 0 run(s), 1 hit(s), 0 error(s), 1 left on base; Highwood 0 - Alameda 0
BOTTOM OF THE 2ND
Alameda Airmen batting - Pitching for Highwood Hawks : RHP Roelof van den Hoek
Batting: RHB Abraham Jacobs 0-0: Ground out 4-3 (Groundball, 34)
Batting: RHB Gabriel Juárez 0-0: Ball
1-0: SINGLE (Line Drive, 6MD)
Batting: SHB Burton Storey 0-0: Ball
1-0: Ball
Wild Pitch!
Gabriel Juárez to second
2-0: Foul Ball, location: 2F
2-1: Swinging Strike
2-2: Strikes out swinging
Batting: RHB Manuel Martínez 0-0: Fly out, F7 (Popup, 6MD)
Bottom of the 2nd over - 0 run(s), 1 hit(s), 0 error(s), 1 left on base; Highwood 0 - Alameda 0
TOP OF THE 3RD
Highwood Hawks batting - Pitching for Alameda Airmen : LHP Finn Wuilink
Batting: RHB Jim Unknown 0-0: Called Strike
0-1: Ground out 5-3 (Groundball, 56S)
Batting: SHB Jim Unknown 0-0: Ball
1-0: Ball
2-0: Foul Ball, location: 2F
2-1: Foul Ball, location: 2F
2-2: Ball
3-2: Base on Balls
Batting: LHB José Tamayo 0-0: Ball
1-0: Ball
2-0: Foul Ball, location: 2F
2-1: Fly out, F9 (Flyball, 89D)
Now in RF: Tommaso Reyna
Batting: RHB Gerardo Castillo 0-0: Called Strike
0-1: Ball
1-1: Foul Ball, location: 2F
1-2: Ball
Jim Unknown steals 2nd base
2-2: Foul Ball, location: 2F
2-2: Strikes out swinging
Top of the 3rd over - 0 run(s), 0 hit(s), 0 error(s), 1 left on base; Highwood 0 - Alameda 0
BOTTOM OF THE 3RD
Alameda Airmen batting - Pitching for Highwood Hawks : RHP Roelof van den Hoek
Batting: RHB Marco Altichioro 0-0: Foul Ball, location: 2F
0-1: Foul Ball, location: 2F
0-2: Strikes out swinging
Batting: RHB Tommaso Reyna 0-0: Ball
1-0: Fly out, F8 (Flyball, 8RM)
Batting: RHB António Delgado 0-0: Foul Ball, location: 2F
0-1: DOUBLE (Flyball, 78M)
Batting: RHB Edgar García 0-0: Called Strike
0-1: Swinging Strike
0-2: TRIPLE (Groundball, 5L)
António Delgado scores
Batting: SHB Thomas Sherman 0-0: Ball
1-0: Ball
2-0: Foul Ball, location: 2F
2-1: Ball
3-1: Swinging Strike
3-2: Base on Balls
Batting: RHB Abraham Jacobs 0-0: Ball
1-0: Fly out, F7 (Line Drive, 78S)
Bottom of the 3rd over - 1 run(s), 2 hit(s), 0 error(s), 2 left on base; Highwood 0 - Alameda 1
TOP OF THE 4TH
Highwood Hawks batting - Pitching for Alameda Airmen : LHP Finn Wuilink
Batting: RHB Armando García 0-0: Ball
1-0: Swinging Strike
1-1: Swinging Strike
1-2: Ball
2-2: Strikes out looking
Batting: RHB Juan Otero 0-0: Called Strike
0-1: Foul Ball, location: 2F
0-2: Foul Ball, location: 2F
0-2: Ball
1-2: Ball
2-2: Ball
3-2: Strikes out looking
Batting: RHB Gerald Sims 0-0: Swinging Strike
0-1: Ball
1-1: Ball
2-1: Ground out 4-3 (Groundball, 4)
Top of the 4th over - 0 run(s), 0 hit(s), 0 error(s), 0 left on base; Highwood 0 - Alameda 1
BOTTOM OF THE 4TH
Alameda Airmen batting - Pitching for Highwood Hawks : RHP Roelof van den Hoek
Batting: RHB Gabriel Juárez 0-0: Ground out 6-3 (Groundball, 6)
Batting: SHB Burton Storey 0-0: Fly out, F9 (Flyball, 89M)
Batting: RHB Manuel Martínez 0-0: Called Strike
0-1: Ball
1-1: SINGLE (Groundball, 6M)
Batting: RHB Marco Altichioro 0-0: Ball
1-0: Fielders Choice at 2nd, 6-4 (Groundball, 6)
Bottom of the 4th over - 0 run(s), 1 hit(s), 0 error(s), 0 left on base; Highwood 0 - Alameda 1
TOP OF THE 5TH
Highwood Hawks batting - Pitching for Alameda Airmen : LHP Finn Wuilink
Batting: RHB Jim Unknown 0-0: Called Strike
0-1: Ball
1-1: Ground out 4-3 (Groundball, 4S)
Batting: SHB Jim Unknown 0-0: Called Strike
0-1: Ball
1-1: Ball
2-1: Ball
3-1: SINGLE (Line Drive, 7S)
Batting: RHB Jim Unknown 0-0: Ball
1-0: DOUBLE (Flyball, 8RXD)
Jim Unknown to third
Batting: SHB Jim Unknown 0-0: Swinging Strike
0-1: Called Strike
0-2: Ball
1-2: Ball
2-2: Ground out 6-3 (Groundball, 6)
Batting: LHB José Tamayo 0-0: Called Strike
0-1: Swinging Strike
0-2: Ball
1-2: Ball
2-2: Fly out, F8 (Flyball, 8RM)
Top of the 5th over - 0 run(s), 2 hit(s), 0 error(s), 2 left on base; Highwood 0 - Alameda 1
BOTTOM OF THE 5TH
Alameda Airmen batting - Pitching for Highwood Hawks : RHP Roelof van den Hoek
Batting: RHB Tommaso Reyna 0-0: Called Strike
0-1: Ball
1-1: Ball
2-1: Foul Ball, location: 2F
2-2: Foul Ball, location: 2F
2-2: Ground out 6-3 (Groundball, 6)
Batting: RHB António Delgado 0-0: Ball
1-0: Ball
2-0: Ball
3-0: Called Strike
3-1: Base on Balls
Batting: RHB Edgar García 0-0: Called Strike
0-1: Foul Ball, location: 2F
0-2: Ball
1-2: Ball
2-2: Fly out, F2 (Popup, 23F)
Batting: SHB Thomas Sherman 0-0: Fly out, F4 (Popup, 4D)
Bottom of the 5th over - 0 run(s), 0 hit(s), 0 error(s), 1 left on base; Highwood 0 - Alameda 1
TOP OF THE 6TH
Highwood Hawks batting - Pitching for Alameda Airmen : LHP Finn Wuilink
Batting: RHB Gerardo Castillo 0-0: Foul Ball, location: 2F
0-1: Ball
1-1: Foul Ball, location: 2F
1-2: Ball
2-2: Foul Ball, location: 2F
2-2: Ball
3-2: Fly out, F8 (Flyball, 8LD)
Batting: RHB Armando García 0-0: SINGLE (Groundball, 4MD)
Batting: RHB Juan Otero 0-0: Ball
1-0: Swinging Strike
1-1: Foul Ball, location: 2F
1-2: SINGLE (Groundball, 56D)
Armando García to second
Batting: RHB Gerald Sims 0-0: Foul Ball, location: 2F
0-1: Foul Ball, location: 2F
0-2: Ball
1-2: Fly out, F7 (Flyball, 78M)
Batting: RHB Jim Unknown 0-0: Swinging Strike
0-1: Foul Ball, location: 2F
0-2: Fly out, F8 (Flyball, 8LS)
Top of the 6th over - 0 run(s), 2 hit(s), 0 error(s), 2 left on base; Highwood 0 - Alameda 1
BOTTOM OF THE 6TH
Alameda Airmen batting - Pitching for Highwood Hawks : RHP Roelof van den Hoek
Batting: RHB Abraham Jacobs 0-0: Foul Ball, location: 2F
0-1: Fly out, F8 (Flyball, 8RM)
Batting: RHB Gabriel Juárez 0-0: Ball
1-0: SINGLE (Groundball, 6MD)
Batting: SHB Burton Storey 0-0: Reached on error, E3 (Groundball, 3S)
Gabriel Juárez to second
Batting: RHB Manuel Martínez 0-0: Called Strike
0-1: Foul Ball, location: 2F
0-2: Ball
1-2: Strikes out swinging
Batting: RHB Marco Altichioro 0-0: Swinging Strike
0-1: Swinging Strike
0-2: Strikes out swinging
Bottom of the 6th over - 0 run(s), 1 hit(s), 1 error(s), 2 left on base; Highwood 0 - Alameda 1
TOP OF THE 7TH
Highwood Hawks batting - Pitching for Alameda Airmen : LHP Finn Wuilink
Batting: SHB Jim Unknown 0-0: Ball
1-0: Foul Ball, location: 2F
1-1: Ball
2-1: Foul Ball, location: 2F
2-2: Foul Ball, location: 2F
2-2: Strikes out swinging
Batting: RHB Jim Unknown 0-0: SINGLE (Popup, 34)
Batting: SHB Jim Unknown 0-0: Ball
1-0: Foul Ball, location: 2F
1-1: Grounds into double play, 6-4-3 (Groundball, 6)
Top of the 7th over - 0 run(s), 1 hit(s), 0 error(s), 0 left on base; Highwood 0 - Alameda 1
BOTTOM OF THE 7TH
Alameda Airmen batting - Pitching for Highwood Hawks : RHP Roelof van den Hoek
Batting: RHB Tommaso Reyna 0-0: Ball
1-0: Fly out, F4 (Popup, 4MS)
Batting: RHB António Delgado 0-0: Fly out, F9 (Flyball, 9LM)
Batting: RHB Edgar García 0-0: Swinging Strike
0-1: Ball
1-1: DOUBLE (Flyball, 8LM)
Batting: SHB Thomas Sherman 0-0: Ball
1-0: Ball
2-0: Called Strike
2-1: Foul Ball, location: 2F
2-2: Strikes out swinging
Bottom of the 7th over - 0 run(s), 1 hit(s), 0 error(s), 1 left on base; Highwood 0 - Alameda 1
TOP OF THE 8TH
Highwood Hawks batting - Pitching for Alameda Airmen : LHP Finn Wuilink
Batting: LHB José Tamayo 0-0: Called Strike
0-1: Ball
1-1: Fly out, F7 (Line Drive, 78M)
Batting: RHB Gerardo Castillo 0-0: Fly out, F9 (Flyball, 9M)
Batting: RHB Armando García 0-0: Called Strike
0-1: Ground out 6-3 (Groundball, 6M)
Top of the 8th over - 0 run(s), 0 hit(s), 0 error(s), 0 left on base; Highwood 0 - Alameda 1
BOTTOM OF THE 8TH
Alameda Airmen batting - Pitching for Highwood Hawks : RHP Roelof van den Hoek
Batting: RHB Abraham Jacobs 0-0: Ball
1-0: Foul Ball, location: 2F
1-1: Ball
2-1: Foul Ball, location: 2F
2-2: Hit by Pitch
Pinch Hitting: RHB Jim Unknown Pickoff Throw to First - Error! E1
Abraham Jacobs to second
0-0: Intentional Walk
Batting: SHB Burton Storey 0-0: Ball
1-0: Foul Ball, location: 2F
1-1: Sac Bunt - play at first, batter OUT! 1-3
Abraham Jacobs to third
Jim Unknown to second
Batting: RHB Manuel Martínez 0-0: Intentional Walk
Pinch Hitting: LHB Jim Unknown 0-0: DOUBLE (Groundball, 5L)
Abraham Jacobs scores
Jim Unknown scores
Manuel Martínez to third
Batting: RHB Tommaso Reyna 0-0: Intentional Walk
Batting: RHB António Delgado 0-0: Fly out, F9 (Flyball, 89M)
Runner from 3rd tags up, SCORES, no throw
Batting: RHB Edgar García 0-0: Ball
1-0: Ball
2-0: Ball
3-0: Called Strike
3-1: Called Strike
3-2: Fly out, F8 (Line Drive, 8LXD)
Bottom of the 8th over - 3 run(s), 1 hit(s), 1 error(s), 2 left on base; Highwood 0 - Alameda 4
TOP OF THE 9TH
Highwood Hawks batting - Pitching for Alameda Airmen : LHP Finn Wuilink
Now at 3B: Jim Unknown
Now at SS: William Miles
Batting: RHB Juan Otero 0-0: Foul Ball, location: 2F
0-1: Foul Ball, location: 2F
0-2: Strikes out swinging
Batting: RHB Gerald Sims 0-0: Ball
1-0: Ball
2-0: Called Strike
2-1: Called Strike
2-2: Strikes out swinging
Batting: RHB Jim Unknown 0-0: Ball
1-0: Ball
2-0: Foul Ball, location: 2F
2-1: SINGLE (Groundball, 34D)
Pitching: LHP Cisco Flores
Batting: SHB Jim Unknown 0-0: Ball
1-0: Called Strike
1-1: Called Strike
1-2: Strikes out looking
Top of the 9th over - 0 run(s), 1 hit(s), 0 error(s), 1 left on base; Highwood 0 - Alameda 4
This league is powered by Out of the Park Baseball, the baseball management simulation game for PC, Mac and Linux
Friday, October 23rd, 2015 - OOTP Baseball 16.9 Build 39